 Dungeon Crawl Stone Soup version 0.27-a0-1119-gbf574a6 (webtiles) character file.

Game seed: 7361506044669211881

65 Meow the Sneak (level 4, 36/36 HPs)
             Began as a Naga Venom Mage on May 2, 2021.
             Quit the game on level 2 of the Dungeon.
             The game lasted 00:04:24 (956 turns).

Meow the Sneak (Naga Venom Mage)                     Turns: 956, Time: 00:04:25

Health: 36/36      AC:  3    Str: 10    XL:     4   Next: 13%
Magic:  3/7        EV: 10    Int: 16    God:
Gold:   81         SH:  0    Dex: 12    Spells: 4/8 levels left

rFire    . . .     SeeInvis +   a - +0 war axe
rCold    . . .     Faith    .   (no shield)
rNeg     . . .     Spirit   .   b - +0 robe
rPois    +         Reflect  .   (no helmet)
rElec    .         Harm     .   f - +0 cloak
rCorr    .         Rampage  .   (no gloves)
Will     .....                  (no barding)
Stlth    +++.......             (no amulet)
HPRegen  0.12/turn              (no ring)
MPRegen  0.10/turn              (no ring)

@: short of breath, very slow
A: AC +1, large, see invisible, deformed body, poison resistance, slowness 2,
spit poison 1, naga tail 1
a: Spit Poison


You were on level 2 of the Dungeon.
You visited 1 branch of the dungeon, and saw 3 of its levels.

You collected 81 gold pieces.

Inventory:

Hand Weapons
 a - a +0 war axe (weapon)
 p - a +0 hand axe
Missiles
 g - 68 stones
 k - 10 bolts
 m - 21 poisoned darts
 o - 42 sling bullets
Armour
 b - a +0 robe (worn)
 f - a +0 cloak (worn)
 j - a scarf of harm
Scrolls
 e - a scroll of immolation
 h - a scroll of noise {unknown}
 i - a scroll of summoning {unknown}
 l - a scroll of teleportation {unknown}
 n - a scroll of amnesia {unknown}
 q - 2 scrolls of identify
Potions
 c - a potion of heal wounds
 d - a potion of brilliance {unknown}


   Skills:
 - Level 1.5 Dodging
 * Level 5.2 Stealth
 + Level 2.5 Spellcasting
 - Level 1.0 Transmutations
 + Level 4.7 Poison Magic


You had 4 spell levels left.
You knew the following spells:

 Your Spells              Type           Power      Damage    Failure   Level
a - Sting                 Tmut/Pois      44%        1d5       6%          1
c - Mephitic Cloud        Conj/Pois/Air  7%         N/A       30%         3

Your spell library contained the following spells:

 Spells                   Type           Power      Damage    Failure   Level
 Poisonous Vapours        Pois/Air       18%        N/A       11%         2
 Ignite Poison            Fire/Tmut/Pois 8%         N/A       26%         3
 Olgreb's Toxic Radiance  Pois           17%        N/A       28%         4


Dungeon Overview and Level Annotations

Branches:
Dungeon (3/15)

Altars:
Wu Jian

Annotations:
D:2 Jessica
D:3 Terence


Innate Abilities, Weirdness & Mutations

Your serpentine skin is tough. (AC +1)
You have supernaturally acute eyesight. (SInv)
Armour fits poorly on your strangely shaped body.
Your system is resistant to poisons. (rPois)
You cover ground very slowly.
You can spit poison.
You have a snake-like lower body.


Message History

An iguana comes into view.
The iguana hisses angrily.
Press: ? - help, Shift-Dir - straight line, f - iguana
Aim: an iguana The splash of poison hits the iguana!
The iguana is heavily wounded.
Casting: Sting (safe; 6% risk of failure)
Confirm with . or Enter, or press ? or * to list all spells.
Okay, then.
Unknown command.
Casting: Sting (safe; 6% risk of failure)
Confirm with . or Enter, or press ? or * to list all spells.
Aiming: Sting (safe; 6% risk of failure)
Press: ? - help, Shift-Dir - straight line, f/p - iguana
Aim: an iguana (heavily wounded, 75% to hit)
The sting hits the iguana.
The iguana is poisoned.
The iguana is severely wounded.
Casting: Sting (safe; 6% risk of failure)
Confirm with . or Enter, or press ? or * to list all spells.
Aiming: Sting (safe; 6% risk of failure)
Press: ? - help, Shift-Dir - straight line, f/p - iguana
Aim: an iguana (severely wounded, poisoned, 75% to hit)
The sting hits the iguana.
The iguana looks even sicker.
The iguana is severely wounded.
Casting: Sting (safe; 6% risk of failure)
Confirm with . or Enter, or press ? or * to list all spells.
Aiming: Sting (safe; 6% risk of failure)
Press: ? - help, Shift-Dir - straight line, f/p - iguana
Aim: an iguana (severely wounded, very poisoned, 75% to hit)
The sting misses the iguana.
You have got your breath back.
The iguana barely misses you.
Press: ? - help, Shift-Dir - straight line, f/p - iguana
Aim: an iguana (almost dead, very poisoned)
The splash of poison hits the iguana!
You kill the iguana!
Your Stealth skill increases to level 5!
You have reached level 4!
You feel agile.
Are you sure you want to abandon this character and quit the game? (Confirm with "yes".)

#.# ....... #.#
....... #.#
.......###.###
.......'.....#
.......###.#.#
.b..... #.#.#
.......###.#.###
............@..#
........#.##.#.#
........#.#..#.#
........#.#.##.#
........#.#....#
#######.#.######
#.... .....


There were no monsters in sight!

Vanquished Creatures
  An iguana (D:2)
  A worm (D:2)
  A dart slug (D:1)
  An orc (D:3)
  2 ball pythons (D:1)
  4 bats (D:1)
  An endoplasm (D:1)
  A giant cockroach (D:1)
  3 goblins (D:1)
  3 hobgoblins (D:1)
  4 jackals (D:1)
  2 frilled lizards
  3 kobolds
  4 rats (D:1)
31 creatures vanquished.

Notes
Turn   | Place    | Note
-------+----------+-------------------------------------------
     0 | D:1      | Meow the Naga Venom Mage began the quest for the Orb.
     0 | D:1      | Reached XP level 1. HP: 15/15 MP: 3/3
   107 | D:1      | Reached XP level 2. HP: 21/22 MP: 3/5
   203 | D:1      | Reached skill level 4 in Stealth
   269 | D:1      | Reached XP level 3. HP: 28/28 MP: 4/6
   273 | D:1      | Learned a level 3 spell: Mephitic Cloud
   744 | D:2      | Found an ornate altar of the Wu Jian Council.
   746 | D:2      | Noticed Jessica
   776 | D:3      | Found a faded altar of an unknown god.
   861 | D:3      | Noticed Terence
   956 | D:2      | Reached skill level 5 in Stealth
   956 | D:2      | Reached XP level 4. HP: 36/36 MP: 3/7
   956 | D:2      | Quit the game

Illustrated notes

Levels and vault maps discovered:
D:1:      roderic_chinese_lattice_arrival, layout_rooms, minmay_misc_feat_plants
D:2:      layout_basic, basic_altar, uniq_jessica
D:3:      layout_rooms, serial_shops, shop,
          shapermc_ecumenical_altar_starsandcircs, dk_vineyard_2,
          serial_bayou_lagoon_a, uniq_terence

Skill      XL: |  1  2  3 |
---------------+----------+-----
Stealth        | 4 5 |  5.2
Dodging        | |  1.5
Spellcasting   | |  2.5
Transmutations | |  1.0
Poison Magic   | |  4.7

Action                   |  1- 3 |  4- 6 || total
-------------------------+-------+-------++-------
Melee: Hand axe          |     3 |       ||     3
 Cast: Sting             |    25 |       ||    25
 Abil: Spit Poison       |    30 |       ||    30
  Use: Scroll            |     2 |       ||     2
Dodge: Dodged            |     9 |       ||     9

Table legend: (Time is in decaauts)
 A = Elapsed time spent in this place.
 B = Non-inter-level travel time spent in this place.
 C = Inter-level travel time spent in this place.
 D = Time resting spent in this place.
 E = Time spent auto-exploring this place.
 F = Levels seen in this place.
 G = Mean time per level.
                   A        B        C        D        E       F      G
               +--------+--------+--------+--------+--------+-----+--------+
         Total |   1259 |   1244 |     15 |     75 |    823 |   3 |  419.7 |
       Dungeon |   1259 |   1244 |     15 |     75 |    823 |   3 |  419.7 |
               +--------+--------+--------+--------+--------+-----+--------+

Top non-repeatable levels by time:
     D:1: 844 daAuts
     D:2: 272 daAuts
     D:3: 142 daAuts
